 Dungeon Crawl Stone Soup version 0.29.1-2-gbd0b4ee654 (webtiles) character file.

Game seed: 12728542269003525002

49 leafyfresh the Sneak (level 3, -1/21 HPs)
             Began as an Octopode Earth Elementalist on Nov 7, 2022.
             Slain by a jackal (2 damage)
             ... on level 1 of the Dungeon.
             The game lasted 00:01:53 (832 turns).

leafyfresh the Sneak (Octopode Earth Elementalist)   Turns: 832, Time: 00:01:54

Health: -1/21      AC:  1    Str:  7    XL:     3   Next: 75%
Magic:  3/6        EV: 13    Int: 19    God:
Gold:   36         SH:  0    Dex: 12    Spells: 5/6 levels left

rFire   . . .      SeeInvis .   b - +0 short sword
rCold   . . .      Faith    .   (no shield)
rNeg    . . .      Spirit   .   (helmet restricted)
rPois   .          Reflect  .   (no amulet)
rElec   .          Harm     .   (no ring)
rCorr   .          Rampage  .   (no ring)
Will    .....                   (no ring)
Stlth   ++++......              (no ring)
HPRegen 0.07/turn               (no ring)
MPRegen 0.10/turn               (no ring)
                                (no ring)
                                (no ring)

@: no status effects
A: almost no armour, amphibious, 8 rings, camouflage 1, gelatinous body 1,
(nimble swimmer 1), tentacles
a: no special abilities


You were on level 1 of the Dungeon.
You visited 1 branch of the dungeon, and saw 1 of its levels.

You collected 36 gold pieces.

Inventory:

Hand Weapons
 b - a +0 short sword (weapon)
Jewellery
 c - an amulet of the acrobat
Scrolls
 d - a scroll of vulnerability {unknown}
 g - a scroll of acquirement {unknown}
Potions
 a - a potion of magic
 e - a potion of lignification {unknown}
 f - a potion of degeneration {unknown}


   Skills:
 - Level 2.0 Dodging
 + Level 4.4 Stealth
 - Level 2.0 Spellcasting
 - Level 1.0 Transmutations
 + Level 3.8 Earth Magic


You had 5 spell levels left.
You knew the following spells:

 Your Spells              Type           Power      Damage    Failure   Level
a - Sandblast             Erth           32%        2d9       3%          1

Your spell library contained the following spells:

 Spells                   Type           Power      Damage    Failure   Level
 Passwall                 Tmut/Erth      9%         N/A       10%         2
 Stone Arrow              Conj/Erth      18%        3d8       22%         3
 Petrify                  Tmut/Erth      11%        N/A       52%         4


Dungeon Overview and Level Annotations

Branches:
Dungeon (1/15)

Altars:

Shops:
D:1 [


Innate Abilities, Weirdness & Mutations

You cannot wear most types of armour.
You are amphibious.
You can wear up to eight rings at the same time.
Your skin changes colour to match your surroundings (Stealth+).
Your rubbery body absorbs attacks. (AC +1, EV +1)
((You are camouflaged when in or above water. (Stealth+)))
You have tentacles for arms and can constrict up to eight enemies at once.


Message History

You are too injured to fight recklessly!
You are too injured to fight recklessly!
Unknown command.
Casting: Sandblast (safe; 3% risk of failure)
Confirm with . or Enter, or press ? or * to list all spells.
Aiming: Sandblast (safe; 3% risk of failure)
Press: ? - help, Shift-Dir - straight line, f - jackal
Aim: a jackal (77% to hit)
The blast of sand hits the jackal.
The jackal is moderately wounded.
The jackal barely misses you. The jackal closely misses you. x2
Casting: Sandblast (safe; 3% risk of failure)
Confirm with . or Enter, or press ? or * to list all spells.
Aiming: Sandblast (safe; 3% risk of failure)
Press: ? - help, Shift-Dir - straight line, f/p - jackal
Aim: a jackal (77% to hit)
The blast of sand hits the jackal.
The jackal is almost dead.
The jackal bites you. The jackal closely misses you.
The jackal barely misses you. The jackal bites you.
Casting: Sandblast (safe; 3% risk of failure)
Confirm with . or Enter, or press ? or * to list all spells.
Aiming: Sandblast (safe; 3% risk of failure)
Press: ? - help, Shift-Dir - straight line, f/p - jackal
Aim: a jackal (almost dead, 77% to hit)
The blast of sand hits the jackal!
You kill the jackal!
The jackal bites you. x2
* * * LOW HITPOINT WARNING * * *
The jackal bites you.
* * * LOW HITPOINT WARNING * * *
The jackal barely misses you.
Unknown command.
The jackal bites you.
* * * LOW HITPOINT WARNING * * *
The jackal bites you but does no damage.
The jackal bites you.
* * * LOW HITPOINT WARNING * * *
The jackal bites you.
You die...

#..... #..###.#.#).....8.....#..
#.#### ##..##.......###.##...#..
#.########.....#..#.###∩##......
#........†...............÷..)...
########.#.####..#.###>######..
#.#.###.....##..# ###..
##.#..##.##..#..8# #....
####..##.##.##......# #..#..
.......#..)##@#..#...###..####
..##.........hh†###..##... .
....#.........†.......... #
..####........###........# .
#........# #........ ##......##
#........ #...........h.......
#........####...h....
..........# #..h....?


You could see 2 jackals.

Vanquished Creatures
  3 dart slugs (D:1)
  5 ball pythons (D:1)
  2 bats (D:1)
  An endoplasm (D:1)
  A giant cockroach (D:1)
  5 goblins (D:1)
  8 hobgoblins (D:1)
  5 jackals (D:1)
  A quokka (D:1)
  A frilled lizard (D:1)
  2 kobolds (D:1)
  A rat (D:1)
35 creatures vanquished.

Notes
Turn   | Place    | Note
-------+----------+-------------------------------------------
     0 | D:1      | leafyfresh the Octopode Earth Elementalist began the quest
                  | for the Orb.
     0 | D:1      | Reached XP level 1. HP: 11/11 MP: 3/3
    62 | D:1      | Reached skill level 3 in Stealth
    73 | D:1      | Reached XP level 2. HP: 15/17 MP: 1/5
   144 | D:1      | Found Migiwk's Antique Armour Emporium.
   270 | D:1      | Reached XP level 3. HP: 13/21 MP: 2/6
   294 | D:1      | Reached skill level 4 in Stealth
   832 | D:1      | HP: 1/21 [jackal (1)]
   832 | D:1      | Slain by a jackal

Illustrated notes

Levels and vault maps discovered:
D:1:      wheals_arrival_shading, layout_rooms, serial_shops, shop_statue,
          serial_park_tiny_pond, due_unseen_surprise

Skill      XL: |  1  2  3 |
---------------+----------+-----
Stealth        | 3 4 |  4.4
Dodging        | |  2.0
Spellcasting   | |  2.0
Transmutations | |  1.0
Earth Magic    | |  3.8

Action                   || total
-------------------------++-------
Melee: Unarmed           ||     6
       Tentacles         ||    15
       Constrict         ||    18
       Short sword       ||    48
       Punch             ||     1
 Cast: Sandblast         ||    17
 Stab: Sleeping          ||     2
Armor: Skin              ||     6
Dodge: Dodged            ||    39
